 Dungeon Crawl Stone Soup version 0.25-a0-458-g6fc7858 (webtiles) character file.

Game seed: 17492744515538870774, levelgen mode: deterministic

160 KlerbSmash the Cudgeler (level 5, -3/46 HPs)
             Began as a Minotaur Fighter on Feb 1, 2020.
             Splashed by Ijyb's acid (16 damage)
             ... on level 4 of the Dungeon.
             The game lasted 00:07:49 (2094 turns).

KlerbSmash the Cudgeler (Minotaur Fighter)          Turns: 2094, Time: 00:07:49

Health: -3/46      AC:  7    Str: 21    XL:     5   Next: 17%
Magic:  4/4        EV:  7    Int:  5    God:
Gold:   128        SH: 10    Dex: 10    Spells: 4/4 levels left

rFire    . . .     SeeInvis .   a - +0 flail
rCold    . . .     Gourm    .   c - +1 shield
rNeg     . . .     Faith    .   b - +0 scale mail
rPois    .         Spirit   .   (helmet restricted)
rElec    .         Reflect  .   (no cloak)
rCorr    .         Harm     .   (no gloves)
MR       .....                  (no boots)
Stlth    ..........             (no amulet)
HPRegen  0.15/turn              (no ring)
MPRegen  0.09/turn              (no ring)

@: no status effects
A: retaliatory headbutt, horns 2
a: no special abilities


You were on level 4 of the Dungeon.
You were not hungry.

You visited 1 branch of the dungeon, and saw 4 of its levels.

You collected 128 gold pieces.

Inventory:

Hand Weapons
 a - a +0 flail (weapon)
 i - a +0 short sword
Missiles
 q - 4 javelins (quivered)
 r - 3 poisoned darts
Armour
 b - a +0 scale mail (worn)
 c - a +1 shield (worn)
Jewellery
 l - an uncursed ring of flight
Wands
 o - a wand of paralysis (10)
Scrolls
 j - 3 scrolls of identify
 m - 2 scrolls of enchant armour
 n - a scroll of amnesia
 s - a scroll of teleportation
Potions
 d - a potion of might
 e - 2 potions of cancellation
 h - a potion of curing {unknown}
 k - a potion of agility {unknown}
 p - a potion of mutation {unknown}
Comestibles
 f - 5 rations


   Skills:
 - Level 4.0 Fighting
 + Level 5.9 Maces & Flails
 - Level 4.0 Armour
 - Level 4.0 Shields


You had 4 spell levels left.
You didn't know any spells.
Your spell library contained the following spells:

 Spells                   Type           Power        Failure   Level  Hunger
 Corona                   Hex            #......      99%         1    ##.....
 Ensorcelled Hibernation  Hex/Ice        #.....       100%        2    ###....
 Confusing Touch          Hex            #.......     100%        3    ####...
 Dazzling Flash           Conj/Hex       #.....       100%        3    ####...
 Tukima's Dance           Hex            #.......     100%        3    ####...


Dungeon Overview and Level Annotations

Branches:
Dungeon (4/15)
 Temple: D:4-7

Altars:
Ru

Annotations:
D:4 Ijyb


Innate Abilities, Weirdness & Mutations

You reflexively headbutt those who attack you in melee.
You have a pair of horns on your head.


Message History

Eating a chunk of flesh.
You eat the chunk of flesh.
This raw flesh tastes terrible.
f - 5 rations (gained 1)
Found a stone staircase leading up.
Found a stone staircase leading down.
Found a hand axe.
Found an escape hatch in the floor.
Ijyb the Twisted Goblin comes into view.
She is carrying a wand of acid (6).
Ijyb is nearby!
Ijyb zaps a wand.
The bolt of acid hits you!
You are splashed with acid!
Ijyb hits you.
You thump Ijyb!
Ijyb is heavily wounded.
Ijyb hits you but does no damage.
You hit Ijyb.
Ijyb is heavily wounded.
You block Ijyb's attack.
Ijyb zaps a wand.
The bolt of acid hits you!
* * * LOW HITPOINT WARNING * * *
You are splashed with acid!
You die...

## .# ##########
.# #.......$# .#
#.######@# .# #.#
#g#
.########.######.#
>.................
..####.#######....
#.# #.# .#..# #.#
#.# .#..# #^# #.#
...... #.# #.#


You could see Ijyb.

Vanquished Creatures
  A howler monkey (D:4)
  A worker ant (D:4)
  4 adders
  A worm (D:2)
  3 dart slugs
  An orc (D:4)
  4 giant cockroaches
  7 goblins
  5 hobgoblins
  5 jackals (D:3)
  6 kobolds
  2 quokkas
  A ball python (D:2)
  4 bats
  2 frilled lizards
  6 rats
53 creatures vanquished.

Notes
Turn   | Place    | Note
-------+----------+-------------------------------------------
     0 | D:1      | KlerbSmash the Minotaur Fighter began the quest for the
                  | Orb.
     0 | D:1      | Reached XP level 1. HP: 19/19 MP: 0/0
   138 | D:1      | Reached XP level 2. HP: 27/27 MP: 1/1
   470 | D:2      | Reached skill level 3 in Maces & Flails
   543 | D:2      | Reached XP level 3. HP: 33/33 MP: 2/2
   691 | D:2      | Reached skill level 4 in Maces & Flails
   735 | D:2      | You fall into a shaft and drop 1 floor!
   978 | D:3      | Reached XP level 4. HP: 40/40 MP: 3/3
  1075 | D:3      | Found a sacrificial altar of Ru.
  1608 | D:4      | Reached skill level 5 in Maces & Flails
  1614 | D:4      | HP: 2/40 [worker ant (5)]
  2016 | D:4      | Reached XP level 5. HP: 46/46 MP: 4/4
  2087 | D:4      | Noticed Ijyb
  2094 | D:4      | Splashed by Ijyb's acid

Levels and vault maps discovered:
D:1:      saegor_arrival_simple_a, layout_rooms, chequers_avenue
D:2:      layout_rooms, first_ration
D:3:      layout_basic, nicolae_ru_awakened_eye
D:4:      layout_loops_ring, nicolae_gozag_cash_rules_everything_around_me,
          lemuel_doored_altar, kennysheep_mini_moat, uniq_pikel,
          uniq_crazy_yiuf_cottage, uniq_ijyb

Skill      XL: |  1  2  3  4 |
---------------+-------------+-----
Fighting       | 4 |  4.0
Armour         | 4 |  4.0
Shields        | 4 |  4.0
Maces & Flails | 3 4 5 |  5.9

Action                   |  1- 3 |  4- 6 || total
-------------------------+-------+-------++-------
Melee: Flail             |    44 |    37 ||    81
       Headbutt          |    13 |     7 ||    20
       Short sword       |    54 |     7 ||    61
  Use: Scroll            |     4 |     4 ||     8
  Eat: Chunk             |       |     4 ||     4
Armor: Scale mail        |    42 |    20 ||    62
Dodge: Dodged            |    23 |    21 ||    44
Block: Shield            |    59 |    36 ||    95

Table legend:
 A = Non-vault XP
 B = Vault XP
 C = Vault XP percentage of total XP
 D = Non-vault monster count
 E = Vault monster count
 F = Vault count percentage of total count
                 A         B        C        D         E       F
            +---------+---------+-------+---------+---------+-------
      Total |     229 |       0 |   0.0 |      53 |       0 |   0.0
            +---------+---------+-------+---------+---------+-------
        D:1 |      30 |       0 |   0.0 |      16 |       0 |   0.0
        D:2 |      54 |       0 |   0.0 |      15 |       0 |   0.0
        D:3 |      38 |       0 |   0.0 |      17 |       0 |   0.0
        D:4 |     107 |       0 |   0.0 |       5 |       0 |   0.0
            +---------+---------+-------+---------+---------+-------
